 Dungeon Crawl Stone Soup version 0.19-a0-805-g0a78ef0 (webtiles) character file.

54 TheGoonsmith the Digger (level 3, 0/19 HPs)
             Began as a Gargoyle Earth Elementalist on June 27, 2016.
             Killed by nerve-wracking pain
             ... invoked by Grinder
              (10 damage)
             ... while paralysed by Grinder
             ... on level 3 of the Dungeon.
             The game lasted 00:02:01 (2128 turns).

TheGoonsmith the Digger (GrEE)                      Turns: 2128, Time: 00:02:02

Health: 0/19       AC:  5    Str: 11    XL:     3   Next: 91%
Magic:  3/7        EV:  2    Int: 16    God:
Gold:   133        SH:  0    Dex: 10    Spells: 1 memorised, 6 levels left

rFire  . . .     SeeInvis .     b - 55 stones
rCold  . . .     Gourm    .     c - +0 robe
rNeg   + . .     Faith    .     (no shield)
rPois  ∞         Spirit   .     (no helmet)
rElec  +         Dismiss  .     (no cloak)
rCorr  .         Reflect  .     (no gloves)
SustAt .         Harm     .     (no boots)
MR     .....                    (no amulet)
Stlth  ++........               (no ring)
                                (no ring)

@: paralysed, not resistant to hostile enchantments, unstealthy
A: negative energy resistance 1, electricity resistance, unbreathing,
petrification resistance, rot immunity, AC +3
a: no special abilities


You were on level 3 of the Dungeon.
You were not hungry.

You visited 1 branch of the dungeon, and saw 3 of its levels.

You collected 133 gold pieces.

Inventory:

Hand Weapons
 a - a +0 club
Missiles
 b - 55 stones (in hand)
Armour
 c - a +0 robe (worn)
Scrolls
 f - a scroll of random uselessness {unknown}
 g - a scroll of enchant weapon {unknown}
 k - 2 scrolls of identify {unknown}
 l - a scroll of recharging {unknown}
 o - a scroll of remove curse {unknown}
 s - a scroll of fog {unknown}
Potions
 i - a potion of berserk rage {unknown}
 n - 2 potions of might {unknown}
 p - 3 potions of brilliance {unknown}
 r - a potion of magic {unknown}
 u - a potion of cancellation {unknown}
Books
 e - a book of Geomancy

   Spells                             Type                      Level
   a - Sandblast                      Earth                        1
   b - Passwall                       Transmutation/Earth          2
   c - Stone Arrow                    Conjuration/Earth            3
   d - Petrify                        Transmutation/Earth          4
   e - Lee's Rapid Deconstruction     Earth                        5
Comestibles
 d - 3 bread rations
 h - 2 fruits
 j - a beef jerky
 m - 2 meat rations
 q - a slice of pizza
 t - 3 chunks of flesh


   Skills:
 - Level 1.5 Dodging
 - Level 2.1 Stealth
 + Level 2.7 Spellcasting
   Level 0.7 Transmutations
 * Level 5.0 Earth Magic


You had 6 spell levels left.
You knew the following spells:

 Your Spells              Type           Power        Failure   Level  Hunger
a - Sandblast             Erth           ###...       2%          1    #......


Dungeon Overview and Level Annotations

Branches:
Dungeon (3/15)

Altars:
Kikubaaqudgha

Annotations:
D:3 Grinder


Innate Abilities, Weirdness & Mutations

You are resistant to torment.
Your stone body is resilient. (AC +3)
You are immune to poison.
You resist negative energy. (rN+)
You are resistant to electric shocks. (rElec)
You can survive without breathing.
You are immune to petrification.
You are immune to rotting.


Message History

Grinder gestures at you. Pain shoots through your body!
b - 56 stones (in hand) Grinder closely misses you.
Okay, then.
Casting: Sandblast
Confirm with . or Enter, or press ? or * to list all spells.
Aiming: Sandblast
Press: ? - help, Shift-Dir - straight line, f - Grinder
Aim: Grinder The rocky blast hits Grinder.
Grinder is lightly wounded.
Grinder gestures at you.
You suddenly lose the ability to move!
Grinder barely misses you. Grinder hits you. Grinder gestures at you.
Pain shoots through your body!
Ouch! That really hurt!
You die...

#.......#
#######.##
#..# # ##.# .#
#.## ###.###
#..# .......
##.# .......
###.###.......
#...(.@..#
#.(....5.#
#........#
......#.####
.......#.#
.......#..
......!....
######.....


You could see Grinder.

Vanquished Creatures
  An adder (D:2)
  A dart slug (D:2)
  5 giant geckos
  An orc (D:3)
  A ball python (D:1)
  3 giant cockroaches
  2 goblins
  3 hobgoblins
  2 jackals (D:1)
  4 quokkas (D:2)
  4 bats
  3 giant newts
  2 rats
32 creatures vanquished.

Notes
Turn   | Place    | Note
--------------------------------------------------------------
     0 | D:1      | TheGoonsmith the Gargoyle Earth Elementalist began the quest for the Orb.
     0 | D:1      | Reached XP level 1. HP: 10/10 MP: 3/3
   654 | D:1      | Reached XP level 2. HP: 15/15 MP: 1/5
   663 | D:1      | Reached skill level 4 in Earth Magic
  1389 | D:2      | Reached XP level 3. HP: 19/19 MP: 4/6
  1798 | D:2      | Found an ancient bone altar of Kikubaaqudgha.
  2056 | D:3      | Reached skill level 5 in Earth Magic
  2120 | D:3      | Noticed Grinder
  2125 | D:3      | Paralysed by Grinder for 7 turns
  2128 | D:3      | Killed from afar by Grinder

Vault maps used:
D:1:      dpeg_arrival_rooms_c
D:2:      kiku_gazebo_garden_becter, first_bread, small_statue_intersection,
          minivault_26
D:3:      uniq_grinder

Skill      XL: |  1  2  3 |
---------------+----------+-----
Earth Magic    | 4 5 |  5.0
Dodging        | |  1.5
Stealth        | |  2.1
Spellcasting   | |  2.7
Transmutations | |  0.7

Action                   || total
-------------------------++-------
Melee: Unarmed           ||    35
       Club              ||     7
 Cast: Sandblast         ||    61
 Stab: Sleeping          ||     1
  Eat: Chunk             ||     4
Armor: Robe              ||    27
Dodge: Dodged            ||    52
